Unix NetHack Version 5.0.0-0 post-release - last build Jul 19 2026 19:10:59 (3aa4ab31751d3886436d94b585a96704892fd477,branch:main).

Game began 2026-07-25 03:05:24, ended 2026-07-25 04:35:38.

KnightLite, neutral female human Tourist

                        ---------------------------------
                        |............................(...
                        -.---------------.-----------...|
                        |.-.((?|...|(/(.|.).)..|(.(.-...|
                        |.|..))|...|(.(.|.|....|((..|...|
                        |.|..%.|...|(((.-.|....|(((.|...|
                        |.------|--------.----------|...|
                        |.............{....|...[|%%!|...|
                        |....-|--..@.......|.._.|%%%|...|
                        |....|..|..........|....|!]%|...|
                        |....|..|..@......{|....|...|...|# #
                        |....----...@...d..---|--|---).[)# ##      --.----.-
                        |...............@............)..-########  ........|
                        |.----|-----....-----+--|-......|    ####  |.......|
                        |.|..|..|  |....|..|   ..|......|      ####+.......|
                        |.-..|..|..@....-..|  |..|......|       ###|.......|
                        --------------------  -----------         #.......<|
                                                                   |.......|
                                                                   ---------

KnightLite the Excursionist  St:16 Dx:9 Co:18 In:14 Wi:11 Ch:14  Neutral
Dlvl:6  $:164 HP:41(47) Pw:19(19) AC:-4 Xp:6 T:2309 

Latest messages:
 You hit the small mimic!
 You hit the small mimic.  The small mimic misses!
 You hit the small mimic.
 You hit the small mimic.
 You miss the small mimic.
 You hit the small mimic.  The dog drops a fortune cookie.
 You hit the small mimic!
 You miss the small mimic.
 You kill the small mimic!
 You see here an uncursed pick-axe.
 M - an uncursed pick-axe.
 You swap places with your dog.
 You swap places with your dog.
 The door opens.
 You swap places with your dog.
 The dog bites the watchman.
 You stop.  The watchman is in the way!  The dog misses the watchman.
 The dog misses the watchman.
 The dog misses the watchman.
 The dog misses the watchman.
 Restoring save file...
 Aloha KnightLite, the human Tourist, welcome back to NetHack!
 Autopickup: OFF.
 What do you want to drink?
 Never mind.
 Really quit without saving? [yn] (n) y
 Do you want your possessions identified? [ynq] (y) q

Inventory:
 Coins    ('$')
  $ - 164 gold pieces
 Weapons  (')')
  a - 11 +2 darts (at the ready)
  J - 3 +0 darts
  Y - 4 cursed -1 darts
  t - a +0 dagger
  P - a +3 elven dagger (weapon in right hand)
 Armor    ('[')
  W - an uncursed +0 dwarvish iron helm
  D - a blessed +2 helmet (being worn)
  N - a blessed +0 pair of iron shoes (being worn)
  y - an uncursed +0 cloak of protection (being worn)
  m - an uncursed +0 Hawaiian shirt with a hibiscus flower motif (being worn)
  X - an uncursed +0 dwarvish mithril-coat (being worn)
 Comestibles  ('%')
  f - an uncursed slime mold
  I - an uncursed apple
  e - 2 uncursed cream pies
  b - 4 uncursed food rations
  g - 2 uncursed sprigs of wolfsbane
  c - 4 uncursed tripe rations
  h - an uncursed tin of candied lichen
  i - an uncursed tin of deep fried kobold meat
 Scrolls  ('?')
  l - 3 uncursed scrolls of magic mapping
 Potions  ('!')
  k - 2 uncursed potions of extra healing
  Q - a blessed potion of gain level
  E - an uncursed potion of gain level
  v - a blessed potion of healing
  q - a cursed potion of levitation
  H - an uncursed potion of paralysis
  T - a cursed potion of paralysis
 Wands    ('/')
  C - a wand of lightning (0:4)
  B - a wand of magic missile (0:7)
  O - a wand of magic missile (0:5)
  A - a cursed wand of undead turning (0:5)
 Tools    ('(')
  L - an empty uncursed sack
  R - a bag of tricks (0:13)
  o - an uncursed credit card
  n - an expensive camera (0:61)
  M - a +0 pick-axe
  V - an uncursed towel
  S - a blessed partly used wax candle
  U - an uncursed wax candle
 Gems/Stones  ('*')
  F - an uncursed worthless piece of blue glass
  G - an uncursed worthless piece of yellowish brown glass
 Special
 (list likely candidates)

KnightLite the Tourist's attributes:

Background:
 You were an Excursionist, a level 6 female human Tourist.
 You were neutral, on a mission for The Lady
 who was opposed by Blind Io (lawful) and Offler (chaotic).
 You were right-handed.
 You were in the Gnomish Mines, on level 6.
 You entered the dungeon 2309 turns ago.
 It was nighttime.
 You had 475 experience points, 165 more were needed to attain level 7.

Basics:
 You had 41 out of 47 hit points.
 You had all 19 energy points (spell power).
 Your armor class was -4.
 Your wallet contained 164 zorkmids.
 Autopickup was off.

Final Characteristics:
 Your strength was 16 (limit:18/100).
 Your dexterity was 9 (limit:18).
 Your constitution was 18 (limit:18).
 Your intelligence was 14 (limit:18).
 Your wisdom was 11 (limit:18).
 Your charisma was 14 (limit:18).

Final Status:
 You weren't hungry.
 You were unencumbered.
 You were wielding a dagger.
 You were unskilled in dagger and could have enhanced that.

Final Attributes:
 You were piously aligned.
 You were protected.
 You survived.

Miscellaneous:
 You didn't encounter any bones levels.
 Total elapsed playing time was 1 hour, 19 minutes and 8 seconds.

Major events:
 Turn
    1: KnightLite the neutral female human Tourist entered the dungeon
 1553: entered the Gnomish Mines
 1559: attained the rank of Sightseer (level 3)
 1966: reached Mine Town
 2105: attained the rank of Excursionist (level 6)
 2309: quit

You didn't know any spells.

Skills:
 Fighting Skills
   bare handed combat [Unskilled]
   two weapon combat  [Unskilled]
   riding             [Unskilled]
 Weapon Skills
   dagger             [Unskilled]
   knife              [Unskilled]
   axe                [Unskilled]
   pick-axe           [Unskilled]
   short sword        [Unskilled]
   broadsword         [Unskilled]
   long sword         [Unskilled]
   two-handed sword   [Unskilled]
   saber              [Unskilled]
   mace               [Unskilled]
   morning star       [Unskilled]
   flail              [Unskilled]
   hammer             [Unskilled]
   quarterstaff       [Unskilled]
   polearms           [Unskilled]
   spear              [Unskilled]
   trident            [Unskilled]
   lance              [Unskilled]
   bow                [Unskilled]
   sling              [Unskilled]
   crossbow           [Unskilled]
   dart               [Basic]
   shuriken           [Unskilled]
   boomerang          [Unskilled]
   whip               [Unskilled]
   unicorn horn       [Unskilled]
 Spellcasting Skills
   divination spells  [Unskilled]
   enchantment spells [Unskilled]
   escape spells      [Unskilled]

Voluntary challenges:
 Character rerolling was not enabled.
 You were vegetarian.
 You never genocided any monsters.
 You never polymorphed an object.
 You never changed form.
 You used no wishes.
Achievements:
 You entered a shop.
 You entered the Gnomish Mines.
 You attained the rank of Sightseer.
 You entered Minetown.
 You entered a temple.
 You attained the rank of Excursionist.

 The Dungeons of Doom: levels 1 to 4
    Level 1:
       An altar, a fountain.
    Level 2:
       A general store, an altar to The Lady, some fountains.
    Level 3:
       Stairs down to The Gnomish Mines.
    Level 4:
 The Gnomish Mines: levels 4 to 6
    Level 4:
    Level 5:
    Level 6: <- You were here.
       Many shops, a temple and an altar to The Lady, some fountains.


Vanquished creatures:
  3 small mimics
  a bugbear
  a rock mole
  5 gnome leaders
  2 gnomish wizards
  a floating eye
  3 dwarves
  3 iguanas
  a gas spore
  2 hobbits
  a large kobold
 17 gnomes
  a gecko
 11 jackals
  a fox
  a goblin
  a sewer rat
  4 grid bugs
  4 lichens
  a kobold zombie
  7 newts
71 creatures vanquished.

No species were genocided or became extinct.

Aloha KnightLite the Tourist...

You quit in The Gnomish Mines on dungeon level 6 with 2180 points,
and 164 pieces of gold, after 2309 moves.
You were level 6 with a maximum of 47 hit points when you quit.

